 Dungeon Crawl Stone Soup version 0.31-a0-174-g85c54bcb58 (webtiles) character file.

Game seed: 7735993996795887609

349 emerson the Magician (level 6, -10/32 HPs)
             Began as a Deep Elf Fire Elementalist on June 16, 2023.
             Mangled by a wraith (12 damage)
             ... in an ossuary.
             The game lasted 00:21:37 (4725 turns).

emerson the Magician (Deep Elf Fire Elementalist)   Turns: 4725, Time: 00:21:37

Health: -10/32     AC:  2    Str:  5    XL:     6   Next: 33%
Magic:  1/18       EV: 12    Int: 22    God:
Gold:   89         SH:  0    Dex: 15    Spells: 17/20 levels left

rFire   . . .        l - +2 mace (protect)
rCold   . . .        (no shield)
rNeg    . . .        a - +0 robe
rPois   .            (no helmet)
rElec   .            (no cloak)
rCorr   .            (no gloves)
SInv    .            (no boots)
Will    .....        (no amulet)
Stlth   ++           (no ring)
HPRegen 0.25/turn    (no ring)
MPRegen 0.16/turn

%: no passive effects
@: slowed, very slow
A: no striking features
a: no special abilities


You were in an ossuary.
You visited 1 branch of the dungeon, and saw 4 of its levels.
You also visited: Sewer and Ossuary.

You collected 193 gold pieces.
You spent 104 gold pieces at shops.

Inventory:

Hand Weapons
 l - a +2 mace of protection (weapon)
Armour
 a - a +0 robe (worn)
Wands
 b - a wand of polymorph (4)
 q - a wand of roots (1)
Scrolls
 c - a scroll of butterflies {unknown}
 d - 2 scrolls of blinking {unknown}
 h - 2 scrolls of identify {unknown}
 i - 4 scrolls of teleportation
 j - a scroll of silence {unknown}
 k - 2 scrolls of torment {unknown}
 n - 2 scrolls of amnesia {unknown}
 u - a scroll of fear {unknown}
Potions
 e - a potion of ambrosia {unknown}
 f - a potion of degeneration {unknown}
 g - a potion of berserk rage {unknown}
 m - a potion of might {unknown}
 o - 4 potions of curing
 p - a potion of enlightenment {unknown}
 r - 3 potions of brilliance {unknown}
 s - a potion of invisibility {unknown}
 t - 2 potions of heal wounds


   Skills:
 - Level 2.4 Dodging
 - Level 2.4 Stealth
 * Level 7.6 Spellcasting
 - Level 1.1 Conjurations
 + Level 5.2 Fire Magic


You had 17 spell levels left.
You knew the following spells:

 Your Spells              Type           Power      Damage    Failure   Level
a - Foxfire               Conj/Fire      88%        2x1d8     1%          1
b - Scorch                Fire           62%        2d7       1%          2

Your spell library contained the following spells:

 Spells                   Type           Power      Damage    Failure   Level
 Inner Flame              Hex/Fire       19%        N/A       8%          3
 Volatile Blastmotes      Fire/Tloc      38%        2d13      8%          3
 Momentum Strike          Conj/Tloc      20%        3d8       10%         2
 Blink                    Tloc           16%        N/A       12%         2
 Lesser Beckoning         Tloc           16%        N/A       12%         2
 Flame Wave               Conj/Fire      22%        2d8       21%         4
 Portal Projectile        Hex/Tloc       16%        N/A       24%         3
 Tukima's Dance           Hex            8%         N/A       24%         3
 Blade Hands              Tmut           4%         N/A       91%         5


Dungeon Overview and Level Annotations

Branches:
Dungeon (4/15)              Sewer (visited)         Ossuary (1/1)
 Temple: D:4-7

Altars:

Shops:
D:4 !


Message History

Casting: Scorch (safe; 1% risk of failure)
Confirm with . or Enter, or press ? or * to list all spells.
You conjure some foxfire!
The wraith closely misses you. The wraith completely misses you.
Casting: Foxfire (safe; 1% risk of failure)
Confirm with . or Enter, or press ? or * to list all spells.
Flames lash the wraith but do no damage.
The wraith is no longer more vulnerable to fire.
The foxfire hits the wraith.
The wraith is severely damaged.
The foxfire hits the wraith but does no damage.
The wraith is severely damaged.
The wraith closely misses you.
Casting: Scorch (safe; 1% risk of failure)
Confirm with . or Enter, or press ? or * to list all spells.
You conjure some foxfire!
The wraith hits you!
* * * LOW HITPOINT WARNING * * *
The wraith misses you.
Casting: Foxfire (safe; 1% risk of failure)
Confirm with . or Enter, or press ? or * to list all spells.
Flames lash the wraith but do no damage.
The foxfire hits the wraith.
The wraith is severely damaged.
The foxfire hits the wraith but does no damage.
The wraith is severely damaged.
The wraith hits you.
* * * LOW HITPOINT WARNING * * *
The wraith drains your vigour!
You feel as though you will be slow longer.
Casting: Scorch (safe; 1% risk of failure)
Confirm with . or Enter, or press ? or * to list all spells.
Flames lash the wraith.
The wraith is almost destroyed.
The wraith's fire resistance burns away.
The wraith hits you.
* * * LOW HITPOINT WARNING * * *
The wraith drains your vigour!
You feel as though you will be slow longer.
The wraith hits you!
You die...

. ##.?!?.## . ..
.?.?!!. .. ...
.?!.. ... #...
... ...# .
#...##'##...# ...
#.........#
....#####'#####..
.........W.......
.........@.......
########'''######
####...# #..'...+
#..#...# ####...#
#...# #...# #...#


You could see a wraith (combustible).

Vanquished Creatures
  A jelly (D:4)
  Ijyb (D:3)
  Terence (D:2)
  An iguana (D:4)
  A mummy (Ossuary)
  9 adders
  3 river rats
  An ufetubus (D:4)
  2 worms (D:2)
  5 dart slugs
  9 ball pythons
  2 bats
  5 endoplasms
  5 giant cockroaches
  11 goblins
  7 hobgoblins
  2 jackals (D:1)
  10 kobolds
  4 quokkas
  9 frilled lizards
  2 gnoll skeletons (Ossuary)
  A kobold skeleton (Ossuary)
  6 orc skeletons (Ossuary)
  13 rats
111 creatures vanquished.

Vanquished Creatures (others)
  248 foxfires
248 creatures vanquished.

Grand Total: 359 creatures vanquished

Notes
Turn   | Place    | Note
-------+----------+-------------------------------------------
     0 | D:1      | emerson the Deep Elf Fire Elementalist began the quest for
                  | the Orb.
     0 | D:1      | Reached XP level 1. HP: 10/10 MP: 6/6
   266 | D:1      | Reached XP level 2. HP: 11/15 MP: 4/8
   356 | D:1      | Reached skill level 4 in Spellcasting
   725 | D:1      | Reached XP level 3. HP: 19/19 MP: 8/10
   837 | D:1      | Learned a level 2 spell: Scorch
  1256 | D:1      | Found a faded altar of an unknown god.
  1447 | D:2      | Noticed Terence
  1603 | D:2      | Reached skill level 5 in Spellcasting
  1790 | D:2      | Reached XP level 4. HP: 24/24 MP: 10/13
  2046 | D:2      | Killed Terence
  2665 | D:3      | Reached skill level 6 in Spellcasting
  2665 | D:3      | Reached XP level 5. HP: 28/28 MP: 3/15
  2868 | D:3      | Found a glowing drain.
  2877 | Sewer    | Entered a sewer
  3184 | Sewer    | HP: 1/28 [poisoned by an adder]
  3907 | D:3      | Noticed Ijyb
  3915 | D:3      | Killed Ijyb
  3916 | D:3      | Reached skill level 7 in Spellcasting
  4238 | D:4      | Found Teissi's Distillery.
  4246 | D:4      | Bought a potion of heal wounds for 65 gold pieces
  4246 | D:4      | Bought a potion of curing for 39 gold pieces
  4299 | D:4      | Reached skill level 5 in Fire Magic
  4330 | D:4      | Reached XP level 6. HP: 32/32 MP: 15/18
  4526 | D:4      | Found a sand-covered staircase.
  4537 | Ossuary  | Entered an ossuary
  4537 | Ossuary  | Noticed a wraith
  4537 | Ossuary  | Noticed a wraith
  4537 | Ossuary  | Noticed a wraith
  4708 | Ossuary  | Noticed a wraith
  4725 | Ossuary  | Mangled by a wraith

Illustrated notes

Levels and vault maps discovered:
D:1:      ebering_hopf_link, layout_loops_ring,
          dilly_ecumenical_altar_fadedgnrine, minmay_misc_feat_encased
D:2:      layout_rooms, serial_bayou_pond_a, uniq_terence
D:3:      kennysheep_the_goblin_king, layout_basic, portal_sewer_entry_b
D:4:      layout_basic, nicolae_ossuary_entry_ruins, serial_shops, shop,
          minmay_misc_feat_four_crosses
Ossuary:  ossuary_due_mausoleum

Skill      XL: |  1  2  3  4  5 |
---------------+----------------+-----
Spellcasting   | 4 5 6 7 |  7.6
Fire Magic     | 4 5 |  5.2
Dodging        | |  2.4
Stealth        | |  2.4
Conjurations   | |  1.1

Action                     |  1- 3 |  4- 6 || total
---------------------------+-------+-------++-------
  Melee: Unarmed           |     6 |       ||     6
         Mace              |       |     9 ||     9
   Cast: Foxfire           |    83 |   103 ||   186
         Scorch            |     6 |    37 ||    43
    Use: Potion            |       |     2 ||     2
         Scroll            |       |     1 ||     1
 Armour: Robe              |     3 |     8 ||    11
         Skin              |       |     1 ||     1
  Dodge: Dodged            |    22 |    27 ||    49

Table legend: (Time is in decaauts)
 A = Elapsed time spent in this place.
 B = Non-inter-level travel time spent in this place.
 C = Inter-level travel time spent in this place.
 D = Time resting spent in this place.
 E = Time spent auto-exploring this place.
 F = Levels seen in this place.
 G = Mean time per level.
                   A        B        C        D        E       F      G
               +--------+--------+--------+--------+--------+-----+--------+
         Total |   4770 |   4659 |    111 |   1327 |   2477 |   6 |  795.0 |
       Dungeon |   4012 |   3901 |    111 |   1089 |   2135 |   4 | 1003.0 |
         Sewer |    567 |    567 |      0 |    135 |    308 |   1 |  567.0 |
       Ossuary |    190 |    190 |      0 |    103 |     34 |   1 |  190.0 |
               +--------+--------+--------+--------+--------+-----+--------+

Top non-repeatable levels by time:
     D:1: 1521 daAuts
     D:2: 1306 daAuts
     D:3: 881 daAuts
   Sewer: 567 daAuts
     D:4: 302 daAuts
 Ossuary: 190 daAuts
